 Dungeon Crawl Stone Soup version 0.28.0-43-g3370ac3207 (webtiles) character file.

Game seed: 6119290228990373304

3803 demenzo the Fighter (level 10, -2/107 HPs)
             Began as an Ogre Monk on Mar 25, 2022.
             Was an Elder of Nemelex Xobeh.
             Killed from afar by an electric eel (8 damage)
             ... with a bolt of electricity
             ... on level 9 of the Dungeon.
             The game lasted 00:14:14 (9913 turns).

demenzo the Fighter (Ogre Monk)                     Turns: 9913, Time: 00:14:16

Health: -2/107     AC: 13    Str: 18 (21) XL:     10   Next: 17%
Magic:  17/17      EV:  8    Int: 10 (11) God:    Nemelex Xobeh [****..]
Gold:   307        SH:  8    Dex:  9 (11) Spells: 16/19 levels left

rFire   . . .      SeeInvis .     - Unarmed
rCold   . . .      Faith    .   A - +0 kite shield
rNeg    . . .      Spirit   .   R - +0 steam dragon scales
rPois   +          Reflect  .   (helmet restricted)
rElec   .          Harm     .   D - +2 cloak
rCorr   .          Rampage  .   (gloves unavailable)
Will    +....                   (boots unavailable)
Stlth   +.........              m - amulet of the acrobat
HPRegen 0.27/turn               j - +4 ring of protection
MPRegen 0.15/turn               e - ring of poison resistance

@: about to teleport
A: large, unfitting armour, tough skin 1
a: Renounce Religion, Draw Escape, Draw Destruction, Draw Summoning, Triple
Draw, Deal Four


You were on level 9 of the Dungeon.
You worshipped Nemelex Xobeh.
Nemelex Xobeh was greatly pleased with you.
You visited 1 branch of the dungeon, and saw 9 of its levels.

You collected 307 gold pieces.

Inventory:

Hand Weapons
 a - a +1 trident of venom
Missiles
 c - 6 curare-tipped darts
 f - 2 large rocks
 n - 57 bolts
 o - 83 stones (quivered)
 v - 70 sling bullets
 x - 18 poisoned darts
 Q - a throwing net
Armour
 y - a +0 robe
 A - a +0 kite shield (worn)
 D - a +2 cloak (worn)
 R - +0 steam dragon scales (worn)
Magical Staves
 d - a staff of air
 H - a staff of poison
Jewellery
 e - a ring of poison resistance (right hand)
 h - a ring of ice
 j - a +4 ring of protection (left hand)
 m - an amulet of the acrobat (around neck)
 u - a +4 ring of evasion
 B - a ring of wizardry
 C - a +4 ring of protection
 F - a ring of magical power
Wands
 G - a wand of polymorph (15)
 O - a wand of acid (11)
 P - a wand of flame (11)
Scrolls
 b - 3 scrolls of fog
 l - 3 scrolls of identify
 E - 3 scrolls of teleportation
 I - 2 scrolls of fear
 M - a scroll of enchant weapon
Potions
 g - 2 potions of degeneration
 i - a potion of might {unknown}
 k - a potion of berserk rage {unknown}
 r - a potion of resistance {unknown}
 s - a potion of heal wounds {unknown}
 t - a potion of brilliance {unknown}
 w - a potion of cancellation {unknown}
 z - 2 potions of flight {unknown}
 J - a potion of mutation {unknown}
 K - a potion of curing
 L - a potion of haste {unknown}


   Skills:
 + Level 9.3 Fighting
 - Level 2.6 Dodging
 - Level 1.4 Stealth
 + Level 4.7 Shields
 * Level 9.0 Unarmed Combat
 + Level 5.2 Spellcasting
 + Level 4.3 Hexes


You had 16 spell levels left.
You knew the following spells:

 Your Spells              Type           Power      Damage    Failure   Level
a - Confusing Touch       Hex            11%        N/A       26%         3

Your spell library contained the following spells:

 Spells                   Type           Power      Damage    Failure   Level
 Slow                     Hex            44%        N/A       9%          1
 Magic Dart               Conj           8%         1d3       45%         1
 Pain                     Necr           8%         1d4       45%         1
 Dazzling Flash           Conj/Hex       12%        N/A       54%         3
 Call Imp                 Summ           2%         N/A       61%         2
 Static Discharge         Conj/Air       2%         N/A       61%         2
 Mephitic Cloud           Conj/Pois/Air  2%         N/A       83%         3
 Vampiric Draining        Necr           2%         2d6       83%         3
 Animate Armour           Summ/Erth      4%         N/A       99%         4
 Petrify                  Tmut/Erth      2%         N/A       99%         4
 Metabolic Englaciation   Hex/Ice        3%         N/A       99%         5
 Silence                  Hex/Air        3%         N/A       99%         5
 Agony                    Necr           2%         N/A       100%        5
 Iron Shot                Conj/Erth      1%         9d1       100%        6


Dungeon Overview and Level Annotations

Branches:
Dungeon (9/15)             Temple (0/1) D:4
   Lair: D:8-11         Orc: D:9-12

Altars:
Cheibriados
Nemelex Xobeh
Trog

Shops:
D:2 =

Annotations:
D:3 3 runed translucent doors, exclusion: downstairs, Stoinky's ghost, amateur MiAK
D:8 Harold


Innate Abilities, Weirdness & Mutations

You are too large for most types of armour.
You have tough skin. (AC +1)


Message History

You closely miss the orc wizard.
The orc wizard hits you but does no damage.
The electric eel shoots out a bolt of lightning at you!
The bolt of electricity hits you. The bolt of electricity hits you!
An orc comes into view. It is wielding a +0 short sword.
You closely miss the orc wizard.
The orc shouts!
You hear a shout!
The electric eel shoots out a bolt of lightning at you!
The bolt of electricity hits you!
* * * LOW HITPOINT WARNING * * *
The bolt of electricity hits you!
* * * LOW HITPOINT WARNING * * *
The orc wizard hits you but does no damage.
As you read the scroll of teleportation, it crumbles to dust.
You feel strangely unstable.
An orc wizard comes into view. It is wielding a +0 dagger.
The orc wizard casts a spell at you. The puff of flame misses you.
The electric eel shoots out a bolt of lightning at you!
The bolt of electricity misses you. The bolt of electricity hits you!
* * * LOW HITPOINT WARNING * * *
Unknown command.
Unknown command.
Unknown command.
Unknown command.
Unknown command.
Unknown command.
Unknown command.
Unknown command.
Unknown command.
Unknown command.
Unknown command.
Unknown command.
It was a potion of degeneration.
There was something very wrong with that liquid.
You feel weakened.
You feel dopey.
You feel clumsy.
The electric eel shoots out a bolt of lightning at you!
The bolt of electricity hits you!
You die...
Your body glows with a rainbow of weird colours and disappears.

#.#...###
≈........
..≈.≈.≈o#
≈.≈.≈.oo#
..S.≈≈.o#
..≈.≈≈..#
....≈≈≈o#
≈.≈≈≈≈≈@#
≈.≈≈≈≈≈.#
≈.≈≈≈≈≈.##
≈.≈≈≈≈§.§#
≈.≈≈≈≈§≈§#
..≈≈≈≈≈§.#
≈≈≈≈≈≈≈§§#
≈≈≈≈≈≈≈≈.##
≈≈≈≈≈≈≈≈..#


You could see an electric eel, 3 orc wizards and 2 orcs.

Vanquished Creatures
  A troll (D:9)
  A hornet (D:9)
  Grinder (D:4)
  Sigmund (D:3)
  A steam dragon (D:7)
  A water moccasin (D:6)
  2 sky beasts
  A black bear (D:4)
  2 orc warriors
  2 necrophages
  4 ogres
  A phantom (D:7)
  3 kobold brigands
  A scorpion (D:6)
  2 water moccasin skeletons (D:5)
  12 killer bees
  3 howler monkeys
  A centaur zombie (D:9)
  3 orc priests
  Crazy Yiuf (D:4)
  3 hounds
  2 centaur skeletons
  2 iguanas (D:6)
  A killer bee zombie (D:7)
  3 hound skeletons (D:4)
  Robin (D:4)
  3 adders
  5 gnolls
  A shadow imp (D:5)
  A white imp (D:7)
  An ufetubus (D:4)
  A worm (D:5)
  2 dart slugs
  18 orcs
  8 ball pythons
  5 endoplasms
  3 giant cockroaches
  13 goblins
  7 hobgoblins
  4 jackals (D:1)
  A quokka (D:3)
  3 bats
  2 frilled lizards
  14 kobolds
  5 rats
153 creatures vanquished.

Vanquished Creatures (others)
  A steam dragon (D:7)
1 creature vanquished.

Grand Total: 154 creatures vanquished

Notes
Turn   | Place    | Note
-------+----------+-------------------------------------------
     0 | D:1      | demenzo the Ogre Monk began the quest for the Orb.
     0 | D:1      | Reached XP level 1. HP: 24/24 MP: 1/1
   478 | D:1      | Reached XP level 2. HP: 25/32 MP: 2/2
  1425 | D:2      | Found Plog's Jewellery Shoppe.
  1506 | D:2      | Found a faded altar of an unknown god.
  1535 | D:2      | Reached XP level 3. HP: 39/40 MP: 3/3
  1993 | D:3      | Found a runed translucent gate.
  1993 | D:3      | Found a runed translucent gate.
  1993 | D:3      | Found a runed translucent gate.
  2100 | D:3      | Noticed Stoinky's ghost (amateur MiAK)
  2152 | D:3      | Identified the +1 leather armour of Heresy {rCorr Str+3
                  | Dex+3}
  2294 | D:3      | Got the Guide on Earthen Darkness
  2537 | D:3      | Noticed Sigmund
  2548 | D:3      | Killed Sigmund
  2549 | D:3      | Reached skill level 5 in Fighting
  2549 | D:3      | Reached skill level 5 in Unarmed Combat
  2549 | D:3      | Reached XP level 4. HP: 52/52 MP: 4/4
  2549 | D:3      | Reached XP level 5. HP: 59/59 MP: 5/5
  2704 | D:3      | Found a sparkling altar of Nemelex Xobeh.
  2982 | D:3      | Became a worshipper of Nemelex Xobeh the Trickster
  2982 | D:3      | Reached * piety under Nemelex Xobeh
  2982 | D:3      | Received a gift from Nemelex Xobeh
  2982 | D:3      | Received a gift from Nemelex Xobeh
  2982 | D:3      | Reached ** piety under Nemelex Xobeh
  3081 | D:4      | Reached XP level 6. HP: 67/67 MP: 6/6
  3107 | D:4      | Noticed a black bear
  3581 | D:4      | Killed a black bear
  3668 | D:4      | Reached skill level 1 in Shields
  3717 | D:4      | Reached XP level 7. HP: 76/76 MP: 7/7
  3723 | D:4      | Identified the +2 helmet of Dawn {rF+ Str+2}
  3723 | D:4      | Noticed Robin
  3947 | D:4      | Killed Robin
  4108 | D:4      | Learned a level 3 spell: Confusing Touch
  4113 | D:4      | Found a staircase to the Ecumenical Temple.
  4129 | D:4      | Got the Collected Works on Hexes and Feathers
  4151 | D:4      | Identified the +3 buckler of Teukh {rF++ Slay+2}
  4230 | D:4      | Noticed Grinder
  4245 | D:4      | Killed Grinder
  4246 | D:4      | Reached skill level 1 in Spellcasting
  4396 | D:4      | Found a runed translucent door.
  4397 | D:4      | Noticed Crazy Yiuf
  4482 | D:4      | Reached skill level 1 in Hexes
  4645 | D:4      | Killed Crazy Yiuf
  4871 | D:5      | Entered Level 5 of the Dungeon
  4986 | D:5      | Reached XP level 8. HP: 48/87 MP: 10/10
  5685 | D:5      | Received a gift from Nemelex Xobeh
  5780 | D:5      | HP: 3/87 [killer bee (8)]
  6532 | D:5      | Received a gift from Nemelex Xobeh
  6624 | D:6      | Reached *** piety under Nemelex Xobeh
  6779 | D:6      | Reached XP level 9. HP: 73/96 MP: 12/14
  7237 | D:6      | Received a gift from Nemelex Xobeh
  9003 | D:7      | Reached **** piety under Nemelex Xobeh
  9329 | D:7      | Found a bloodstained altar of Trog.
  9329 | D:7      | Found a snail-covered altar of Cheibriados.
  9363 | D:8      | You fall into a shaft and drop 1 floor!
  9367 | D:8      | Noticed a hornet
  9370 | D:8      | Noticed Harold
  9377 | D:9      | Paralysed by a hornet for 3 turns
  9386 | D:9      | Killed a hornet
  9674 | D:9      | Reached XP level 10. HP: 103/107 MP: 17/17
  9712 | D:9      | Reached skill level 5 in Spellcasting
  9913 | D:9      | Killed from afar by an electric eel

Illustrated notes

Levels and vault maps discovered:
D:1:      scummos_arrival_hexagon, layout_basic, serial_co_window_serial,
          co_window_of_opportunity_a, co_window_paths_a, co_window_corner_a,
          co_window_of_opportunity_a, co_window_of_opportunity_a,
          co_window_broadway_c, co_window_corner_ca, co_window_unsneaky_path_e,
          co_window_broadway_b, co_window_corner_cb, glass_columns_a,
          glass_columns_a, glass_columns_a
D:2:      layout_rooms, serial_shops, nicolae_shop_behind_doors,
          shapermc_ecumenical_altar_mp_highgroup, minmay_pentomino_x4
D:3:      layout_basic, nemelex_dance_club_becter, gammafunk_ghost_icy,
          uniq_sigmund
D:4:      kennysheep_six_static_rooms, layout_rooms, minmay_temple_entry_glass,
          uniq_grinder, uniq_robin, uniq_crazy_yiuf_cottage
D:5:      layout_gridville
D:6:      layout_rooms, dk_noncrumbling_4, grunt_ministairs_8,
          hangedman_decor_riveting
D:7:      layout_basic, gammafunk_temple_overflow_elements, grunt_ogre_cave,
          minmay_misc_feat_five, kennysheep_nub
D:8:      layout_rooms, mainiacjoe_overflow_24_doors,
          nicolae_sif_muna_condensation, serial_shops, shop, uniq_harold
D:9:      kennysheep_big_flooded_room, layout_basic,
          kennysheep_orc_monster_closet_entryway, uniq_gastronok,
          uniq_prince_ribbit1

Skill      XL: |  1  2  3  4  5  6  7  8  9 10 |
---------------+-------------------------------+-----
Unarmed Combat | 3 5 6 7 8 9 |  9.0
Fighting       | 5 6 7 8 9 |  9.3
Shields        | 1 2 3 4 |  4.7
Spellcasting   | 1 3 4 5 |  5.2
Hexes          | 1 2 4 |  4.3
Dodging        | |  2.6
Stealth        | |  1.4

Action                   |  1- 3 |  4- 6 |  7- 9 | 10-12 || total
-------------------------+-------+-------+-------+-------++-------
Melee: Unarmed           |   124 |       |   418 |    53 ||   595
       Trident           |     7 |    78 |    59 |       ||   144
       Punch             |     1 |       |       |       ||     1
Invok: Draw Destruction  |       |       |     3 |       ||     3
       Draw Escape       |       |       |     1 |       ||     1
  Use: Potion            |       |       |     5 |     1 ||     6
       Scroll            |       |       |     4 |     6 ||    10
 Stab: Sleeping          |     3 |     2 |     1 |       ||     6
Armor: Robe              |    39 |    57 |   245 |       ||   341
       Steam dragon scal |       |       |    27 |    13 ||    40
Dodge: Dodged            |    73 |    69 |   262 |    20 ||   424
Block: Kite shield       |       |    14 |   206 |    17 ||   237
